 Dungeon Crawl Stone Soup version 0.19-b1-5-gdc9fa9d (webtiles) character file.

272 Juniper the Bolt Thrower (level 6, -4/42 HPs)
             Began as a High Elf Hunter on Oct 31, 2016.
             Killed by divine providence
             ... invoked by an orc priest
              (15 damage)
             ... on level 3 of the Dungeon.
             The game lasted 00:26:11 (3081 turns).

Juniper the Bolt Thrower (High Elf Hunter)          Turns: 3081, Time: 00:26:12

Health: -4/42      AC:  6    Str: 12    XL:     6   Next: 2%
Magic:  7/7        EV: 13    Int: 16    God:
Gold:   104        SH:  0    Dex: 16    Spells: 0 memorised, 5 levels left

rFire  . . .     SeeInvis .     a - +2 hand crossbow
rCold  . . .     Gourm    .     g - +3 leather armour
rNeg   . . .     Faith    .     (no shield)
rPois  .         Spirit   .     (no helmet)
rElec  .         Reflect  .     (no cloak)
rCorr  .         Harm     .     (no gloves)
MR     .....                    (no boots)
Stlth  ++........               (no amulet)
                                (no ring)
                                (no ring)

@: no status effects
A: no striking features
a: no special abilities


You were on level 3 of the Dungeon.
You were hungry.

You visited 1 branch of the dungeon, and saw 3 of its levels.

You collected 104 gold pieces.

Inventory:

Hand Weapons
 a - a +2 hand crossbow (weapon)
 b - a +0 short sword
 n - a +0 whip
Missiles
 d - 31 bolts (quivered)
 p - 7 needles of sleeping
 v - 23 poisoned needles
Armour
 g - a +3 leather armour (worn)
Scrolls
 e - 2 scrolls of amnesia {unknown}
 i - 4 scrolls of identify {unknown}
 j - 2 scrolls of remove curse
 r - a scroll of blinking {unknown}
 u - a scroll of recharging
 w - 3 scrolls of noise {unknown}
Potions
 c - a potion of agility {unknown}
 o - a potion of might {unknown}
 t - a potion of curing
Comestibles
 f - a bread ration
 h - 2 meat rations
 q - a slice of pizza
 s - 2 fruits


   Skills:
 + Level 3.1 Fighting
 + Level 2.8 Short Blades
 + Level 5.5 Crossbows
 + Level 2.0 Armour
 + Level 2.9 Dodging
 + Level 1.1 Stealth


You had 5 spell levels left.
You didn't know any spells.

Dungeon Overview and Level Annotations

Branches:
Dungeon (3/15)

Altars:
Uskayaw


Message History

Firing (i - inventory):
d - 34 bolts (quivered)
Press: ? - help, Shift-Dir - straight line, f - orc priest
Aim: an orc priest, wielding a dagger and wearing a chain mail You shoot a bolt.
The bolt hits the orc priest.
The orc priest is heavily wounded.
Firing (i - inventory):
d - 33 bolts (quivered)
Press: ? - help, Shift-Dir - straight line, f/p - orc priest
Aim: an orc priest, wielding a dagger and wearing a chain mail (heavily wounded)
You shoot a bolt. The bolt hits the orc priest.
The orc priest is severely wounded.
The orc priest hits you but does no damage.
Firing (i - inventory):
d - 32 bolts (quivered)
Press: ? - help, Shift-Dir - straight line, f/p - orc priest
Aim: an orc priest, wielding a dagger and wearing a chain mail (severely wounded)
You shoot a bolt. The bolt barely misses the orc priest.
The orc priest barely misses you. The orc priest hits you with a dagger.
* * * LOW HITPOINT WARNING * * *
The orc priest invokes the aid of Beogh against you.
Beogh smites you!
You die...

##.#.# #...# ..#
##..# ..## #.>#
.(..# #### ....##
##############o(....
#...........#(....#
#.#########.#)..#
#.#<<.@.o(....((#
#.#########.....#
#.# #<........ #.#
#####.#### #.# .#
#.# # #.#
###########.#
...)........#


You could see an orc priest.

Vanquished Creatures
  An orc wizard (D:3)
  2 orc priests (D:3)
  An iguana (D:3)
  Ijyb (D:2)
  4 adders
  An ooze (D:2)
  4 worms
  2 dart slugs (D:1)
  3 leopard geckos
  6 orcs (D:3)
  8 bats
  9 goblins
  12 hobgoblins
  4 jackals (D:2)
  8 kobolds
  4 frilled lizards
  4 rats (D:1)
74 creatures vanquished.

Notes
Turn   | Place    | Note
-------+----------+-------------------------------------------
     0 | D:1      | Juniper the High Elf Hunter began the quest for the Orb.
     0 | D:1      | Reached XP level 1. HP: 14/14 MP: 2/2
    93 | D:1      | Reached XP level 2. HP: 19/19 MP: 3/3
   725 | D:1      | Reached XP level 3. HP: 24/24 MP: 4/4
  1112 | D:2      | Reached skill level 1 in Short Blades
  1391 | D:2      | Noticed Ijyb
  1413 | D:2      | Reached skill level 1 in Armour
  1419 | D:2      | Reached XP level 4. HP: 15/30 MP: 5/5
  1449 | D:2      | Found a hide-covered altar of Uskayaw.
  1511 | D:2      | Killed Ijyb
  1511 | D:2      | Reached skill level 5 in Crossbows
  2467 | D:3      | Reached XP level 5. HP: 21/35 MP: 6/6
  3075 | D:3      | Reached XP level 6. HP: 15/42 MP: 7/7
  3081 | D:3      | Killed from afar by an orc priest

Skill      XL: |  1  2  3  4  5 |
---------------+----------------+-----
Short Blades   | 1 2 |  2.8
Armour         | 1 2 |  2.0
Crossbows      | 5 |  5.5
Fighting       | 3 |  3.1
Dodging        | |  2.9
Stealth        | |  1.1

Action                   |  1- 3 |  4- 6 || total
-------------------------+-------+-------++-------
Melee: Short sword       |    37 |    90 ||   127
 Fire: Hand crossbow     |    45 |    78 ||   123
  Use: Scroll            |     1 |     2 ||     3
       Potion            |       |     2 ||     2
 Stab: Sleeping          |     1 |       ||     1
  Eat: Chunk             |     1 |     5 ||     6
Armor: Leather armour    |    10 |    19 ||    29
       Ring mail         |       |    21 ||    21
Dodge: Dodged            |    29 |    67 ||    96
